 Dungeon Crawl Stone Soup version 0.30-a0-782-ge64f9170bb (webtiles) character file.

Game seed: 9208832484247708422

100 NotreDorf the Ducker (level 4, -4/35 HPs)
             Began as a Merfolk Gladiator on Feb 18, 2023.
             Slain by an iguana (10 damage)
             ... on level 3 of the Dungeon.
             The game lasted 00:05:35 (2198 turns).

NotreDorf the Ducker (Merfolk Gladiator)            Turns: 2198, Time: 00:05:35

Health: -4/35      AC:  4    Str: 14    XL:     4   Next: 74%
Magic:  4/4        EV: 14    Int: 13    God:
Gold:   144        SH:  5    Dex: 17    Spells: 3/3 levels left

rFire   . . .      SeeInvis .    a - +0 long sword
rCold   . . .      Faith    .    (no shield)
rNeg    . . .      Spirit   .    b - +0 leather armour
rPois   +          Reflect  +    c - +0 helmet
rElec   .          Harm     .    (no cloak)
rCorr   .          Rampage  .    (no gloves)
Will    .....                    (no boots)
Stlth   ++                       k - amulet of reflection
HPRegen 0.25/turn                m - +6 ring of intelligence
MPRegen 0.09/turn                v - ring of poison resistance

@: no status effects
A: (nimble swimmer 2), mertail
a: no special abilities


You were on level 3 of the Dungeon.
You visited 1 branch of the dungeon, and saw 3 of its levels.

You collected 144 gold pieces.

Inventory:

Hand Weapons
 a - a +0 long sword (weapon)
Missiles
 d - 3 throwing nets
 e - a javelin
 j - 4 boomerangs of dispersal (quivered)
Armour
 b - a +0 leather armour (worn)
 c - a +0 helmet (worn)
Magical Staves
 n - a staff of death
Jewellery
 k - an amulet of reflection (around neck)
 m - a +6 ring of intelligence (left hand)
 v - a ring of poison resistance (right hand)
Wands
 t - a wand of polymorph (10)
Scrolls
 f - a scroll of amnesia {unknown}
 g - a scroll of enchant armour {unknown}
 h - 2 scrolls of identify {unknown}
 i - 2 scrolls of enchant weapon {unknown}
 l - 3 scrolls of vulnerability {unknown}
 p - a scroll of teleportation {unknown}
 s - a scroll of poison {unknown}
Potions
 o - a potion of brilliance {unknown}
 q - a potion of ambrosia {unknown}
 r - a potion of degeneration {unknown}
 u - a potion of flight {unknown}


   Skills:
 + Level 3.1 Fighting
 + Level 4.5 Long Blades
 - Level 2.0 Throwing
 + Level 4.9 Dodging
 + Level 2.2 Stealth


You had 3 spell levels left.
You didn't know any spells.
Your spell library was empty.

Dungeon Overview and Level Annotations

Branches:
Dungeon (3/15)

Altars:
Uskayaw


Innate Abilities, Weirdness & Mutations

((You are very nimble when in or above water. (Stealth+, EV+, Speed+++)))
Your lower body shifts to a powerful aquatic tail in water.


Message History

An iguana comes into view.
Found 8 gold pieces.
The iguana hisses angrily.
The iguana bites you!
You hit the iguana.
The iguana is moderately wounded.
The iguana barely misses you.
You hit the iguana.
The iguana is moderately wounded.
The iguana bites you!
You hit the iguana.
The iguana is heavily wounded.
The iguana misses you.
You hit the iguana.
The iguana is severely wounded.
The iguana misses you.
You hit the iguana but do no damage.
The iguana is heavily wounded.
The iguana closely misses you.
You hit the iguana but do no damage.
The iguana is heavily wounded.
The iguana closely misses you. x2
You barely miss the iguana.
The iguana is heavily wounded.
The iguana bites you.
* * * LOW HITPOINT WARNING * * *
You hit the iguana but do no damage.
The iguana is heavily wounded.
You block the iguana's attack.
You hit the iguana but do no damage.
The iguana is heavily wounded.
You block the iguana's attack.
You barely miss the iguana.
The iguana is heavily wounded.
The iguana bites you.
* * * LOW HITPOINT WARNING * * *
You hit the iguana.
The iguana is severely wounded.
The iguana bites you!
You die...

####8...8# ##.....#
8..... .. #..... ..#
8...8 #..# ## ##>## #...#
###.# ###########...$
....# #...............
###.# #.# #..l@..# #.#
#.# #.#.#.## #.#####.###
#.#.# ###.........
#.#.###.###
....#####.###.#..........
..............###.###.###
###...................#
#.#####.#######.###.#
#.#####.#######.###.##


You could see an iguana.

Vanquished Creatures
  6 adders
  An orc (D:3)
  5 ball pythons
  4 endoplasms
  A giant cockroach (D:2)
  5 goblins
  2 hobgoblins (D:1)
  5 jackals
  4 quokkas
  A bat (D:2)
  4 frilled lizards
  5 kobolds
  2 rats
45 creatures vanquished.

Notes
Turn   | Place    | Note
-------+----------+-------------------------------------------
     0 | D:1      | NotreDorf the Merfolk Gladiator began the quest for the
                  | Orb.
     0 | D:1      | Reached XP level 1. HP: 16/16 MP: 1/1
   339 | D:1      | Reached XP level 2. HP: 23/23 MP: 2/2
   446 | D:1      | Reached skill level 1 in Stealth
   740 | D:2      | Reached XP level 3. HP: 17/28 MP: 3/3
  1166 | D:2      | Reached XP level 4. HP: 34/34 MP: 4/4
  2025 | D:3      | Found a hide-covered altar of Uskayaw.
  2198 | D:3      | Slain by an iguana

Illustrated notes

Levels and vault maps discovered:
D:1:      nicolae_arrival_memento_mori, layout_loops_ring
D:2:      layout_basic, minmay_ruptured
D:3:      layout_basic, nicolae_overflow_hidden_temple,
          kennysheep_generic_room_11

Skill      XL: |  1  2  3  4 |
---------------+-------------+-----
Stealth        | 1 2 |  2.2
Long Blades    | 4 |  4.5
Fighting       | 3 |  3.1
Throwing       | |  2.0
Dodging        | |  4.9

Action                     |  1- 3 |  4- 6 || total
---------------------------+-------+-------++-------
  Melee: Long sword        |    98 |    62 ||   160
         Punch             |       |     1 ||     1
   Stab: Sleeping          |     4 |     1 ||     5
 Armour: Leather armour    |    23 |    13 ||    36
  Dodge: Dodged            |    68 |    45 ||   113
  Block: Other             |     9 |    15 ||    24

Table legend: (Time is in decaauts)
 A = Elapsed time spent in this place.
 B = Non-inter-level travel time spent in this place.
 C = Inter-level travel time spent in this place.
 D = Time resting spent in this place.
 E = Time spent auto-exploring this place.
 F = Levels seen in this place.
 G = Mean time per level.
                   A        B        C        D        E       F      G
               +--------+--------+--------+--------+--------+-----+--------+
         Total |   2227 |   2199 |     28 |      0 |   1737 |   3 |  742.3 |
       Dungeon |   2227 |   2199 |     28 |      0 |   1737 |   3 |  742.3 |
               +--------+--------+--------+--------+--------+-----+--------+

Top non-repeatable levels by time:
     D:2: 1065 daAuts
     D:1: 736 daAuts
     D:3: 425 daAuts
